Map: Frozen Temple

Players

BunnyLinG

  • Race: Zerg Zerg
  • League: Diamond

Voodoochilli - Winner!

  • Race: Terran Terran
  • League: Diamond

VOD

Have the link to the VOD?

Description

Time

  • Played on: Nov. 10, 2016, 12:23 p.m.
  • Length: 17:38
Show
View Real Time Build Order
Export as new Build Order

BunnyLinG Zerg 

Build Orders: Hatch First 

Get SALT Encoding   

  12  0:01  Drone  
  13  0:08  Drone  
  14  0:18  Overlord  
  14  0:36  Drone  
  14  0:37  Drone x2  
  17  0:46  Extractor  
  17  0:57  Drone, Hatchery  
  17  1:12  Extractor  
  17  1:16  Spawning Pool  
  17  1:17  Drone  
  16  1:19  Drone  
  16  1:24  Drone  
  18  1:31  Drone  
  19  1:41  Overlord  
  19  1:57  Drone  
  20  2:02  Queen  
  20  2:07  Zergling x2  
  23  2:15  Metabolic Boost  
  22  2:26  Zergling x2  
  22  2:27  Zergling x4  
  25  2:32  Drone  
  25  2:33  Drone  
  26  2:55  Queen  
  26  2:56  Drone  
  26  2:57  Drone  
  30  3:01  Zergling x4  
  30  3:02  Zergling x2  
  33  3:11  Baneling Nest  
  33  3:12  Drone x4  
  36  3:14  Overlord  
  36  3:21  Evolution Chamber  
  36  3:25  Drone  
  36  3:37  Zergling x2  
  36  3:38  Zergling x6  
  39  3:57  Zerg Melee Weapons Level 1  
  39  3:58  Lair  
  39  4:02  Queen  
  41  4:06  Zergling x2  
  41  4:07  Zergling x2  
  43  4:10  Drone, Hatchery  
  43  4:12  Drone  
  43  4:15  Baneling x3  
  44  4:22  Extractor, Drone  
  44  4:26  Baneling  
  39  4:56  Zergling x2  
  39  4:57  Zergling x8  
  43  5:02  Drone  
  43  5:06  Extractor, Overlord x3  
  43  5:10  Infestation Pit  
  43  5:12  Drone x2  
  43  5:13  Evolution Chamber  
  43  5:20  Drone  
  44  5:22  Drone  
  44  5:24  Queen  
  44  5:25  Drone  
  48  5:29  Overseer  
  46  5:58  Drone  
  46  5:59  Drone  
  46  6:00  Drone x3  
  46  6:02  Drone x2  
  46  6:03  Drone x3  
  46  6:04  Overlord  
  56  6:08  Spore Crawler  
  55  6:11  Spore Crawler  
  55  6:12  Spore Crawler  
  55  6:15  Zergling x12  
  59  6:22  Hive  
  59  6:28  Extractor  
  59  6:32  Drone x3  
  61  6:33  Drone  
  61  6:35  Baneling x4  
  61  6:36  Baneling x2  
  59  6:46  Zergling x2  
  59  6:47  Zergling x6  
  62  6:49  Drone x4  
  62  6:53  Drone x2  
  62  6:54  Drone  
  70  6:56  Drone x2  
  70  6:59  Overlord  
  72  7:13  Zergling x2  
  72  7:14  Zergling x12  
  67  7:45  Hatchery  
  65  8:02  Ultralisk Cavern  
  64  8:09  Drone x2  
  64  8:11  Queen  
  68  8:14  Zerg Ground Armor Level 1  
  68  8:15  Zerg Melee Weapons Level 2  
  68  8:16  Overseer  
  68  8:18  Zergling x2  
  68  8:19  Zergling x8  
  73  8:52  Chitinous Plating  
  73  8:56  Spine Crawler  
  72  9:03  Drone, Queen  
  72  9:07  Drone  
  72  9:08  Zergling x10  
  80  9:21  Spore Crawler  
  77  9:35  Drone x2  
  76  9:58  Drone x2  
  76  9:59  Drone  
  77  10:00  Drone x4  
  77  10:02  Spore Crawler  
  77  10:03  Spine Crawler  
  79  10:14  Overlord x3  
  79  10:19  Drone  
  79  10:20  Drone  
  77  10:40  Ultralisk x3  
  77  10:41  Ultralisk, Zergling x4  
  77  10:42  Zergling x6  
  105  10:44  Baneling x4  
  105  10:45  Baneling x4  
  99  11:11  Zergling x2  
  96  11:12  Overlord x2  
  96  11:17  Spine Crawler  
  93  11:32  Zergling x2  
  77  11:33  Zergling x22  
  77  11:38  Ultralisk x2, Zergling x4  
  77  12:12  Zergling x4  
  77  12:13  Zergling x14  
  80  12:25  Ultralisk  
  80  12:26  Zergling x6  
  89  12:41  Hatchery  
  78  12:59  Overlord x2  
  78  13:02  Ultralisk  
  78  13:03  Ultralisk  
  84  13:21  Zergling x4  
  84  13:22  Zergling x10  
  91  13:41  Zergling x2  
  91  13:42  Zergling x6  
  95  13:53  Queen  
  95  13:54  Drone  
  98  13:56  Spore Crawler  
  97  14:06  Extractor  
  88  14:37  Spine Crawler  
  87  14:39  Spine Crawler  
  80  15:01  Ultralisk x2, Zergling x2  
  80  15:02  Zergling x20  
  101  15:23  Drone x2, Queen  
  95  16:04  Zergling x22  
  96  16:05  Zergling x10  
  40  17:18  Zergling x2  
  40  17:19  Zergling x16  
Show
View Real Time Build Order
Export as new Build Order

Voodoochilli Terran - Winner!

Build Orders: Reaper Expand, MMM Bio 

Get SALT Encoding   

  12  0:01  SCV  
  13  0:13  SCV  
  14  0:18  Supply Depot  
  14  0:26  SCV  
  15  0:39  SCV  
  15  0:40  Barracks  
  16  0:48  Refinery  
  16  0:51  SCV  
  17  1:03  SCV  
  18  1:16  SCV  
  19  1:28  Orbital Command  
  19  1:33  Reaper  
  20  1:41  Command Center  
  20  1:55  SCV, Barracks  
  21  2:03  Supply Depot  
  21  2:07  SCV  
  22  2:10  Refinery  
  22  2:21  Barracks Tech Lab  
  22  2:25  SCV  
  23  2:30  Supply Depot  
  23  2:38  SCV  
  24  2:57  SCV  
  24  2:58  Orbital Command  
  24  3:00  Bunker  
  24  3:01  Marine  
  24  3:02  Barracks Reactor  
  24  3:04  Stimpack  
  25  3:08  Factory  
  25  3:09  SCV  
  26  3:19  Marine  
  27  3:24  SCV  
  27  3:26  Supply Depot  
  28  3:37  Supply Depot, Marine  
  28  3:38  SCV  
  28  3:40  Marine x2  
  32  3:45  SCV  
  33  3:54  Marine  
  34  3:58  Marine x2  
  36  4:05  Factory Tech Lab  
  36  4:12  SCV x2, Starport, Marine  
  36  4:16  Marine  
  40  4:20  Marine  
  41  4:24  SCV x2  
  41  4:26  Siege Tank  
  41  4:31  Marauder  
  48  4:39  SCV  
  48  4:41  Marine  
  43  4:55  SCV  
  43  4:56  Starport Reactor  
  43  4:58  SCV  
  44  5:08  SCV  
  45  5:15  Marine  
  45  5:16  Marine  
  45  5:17  Combat Shields, Barracks  
  45  5:20  SCV x2, Factory Reactor  
  49  5:22  Marine  
  49  5:28  Command Center  
  50  5:32  SCV x2, Marine  
  50  5:34  Marauder  
  50  5:35  Medivac  
  57  5:36  Medivac  
  57  5:40  Marine  
  60  5:44  SCV  
  60  5:45  SCV  
  60  5:47  Engineering Bay  
  62  5:50  Marine  
  62  5:56  SCV, Marauder  
  66  6:03  Marine  
  66  6:04  Marauder  
  69  6:06  Concussive Shells  
  69  6:10  SCV  
  70  6:14  Widow Mine x2  
  70  6:15  Missile Turret  
  74  6:18  Missile Turret, Supply Depot  
  74  6:19  Supply Depot  
  74  6:20  Missile Turret  
  74  6:37  Marine x2  
  74  6:39  Marauder, Marine  
  78  6:40  Orbital Command  
  78  6:45  Missile Turret, Supply Depot  
  78  6:52  SCV  
  79  6:55  Marine  
  79  6:57  Marauder  
  79  6:59  Marine  
  79  7:00  Marine  
  84  7:03  SCV  
  84  7:04  SCV, Barracks  
  84  7:06  Barracks  
  86  7:11  Barracks  
  86  7:15  SCV  
  87  7:17  Marine x2  
  87  7:19  Marauder x2  
  91  7:35  Marine x2  
  93  7:40  Marauder x2  
  92  7:50  Orbital Command  
  92  7:53  Marine x2  
  94  8:01  Marauder, Marine  
  94  8:03  Barracks Reactor  
  97  8:10  Marine  
  97  8:11  Marine  
  99  8:13  Widow Mine x2  
  99  8:14  Marine  
  99  8:16  Barracks Reactor  
  99  8:19  Marauder  
  106  8:22  Refinery  
  106  8:23  Refinery, Marauder  
  106  8:24  Supply Depot  
  108  8:29  SCV  
  109  8:36  Marine x2  
  109  8:41  Marauder  
  113  8:44  Marauder  
  113  8:46  Barracks Reactor  
  115  9:02  Marauder  
  117  9:04  Marine x3  
  117  9:05  Medivac, Marauder  
  117  9:09  Missile Turret  
  124  9:19  Marine x2  
  124  9:23  Marauder  
  128  9:27  Marauder  
  127  9:33  Marine  
  127  9:34  Marine  
  127  9:42  Marine  
  127  9:45  Marauder  
  130  9:46  Marine x3  
  130  9:52  Marine  
  133  9:55  Marauder  
  133  9:56  Marine  
  133  10:01  Supply Depot  
  133  10:15  Command Center  
  133  10:22  Refinery  
  133  10:23  Medivac x2, Marauder x2  
  133  10:24  Refinery  
  133  10:27  Marine  
  142  10:30  Supply Depot  
  142  10:31  Supply Depot x2  
  142  10:45  Marauder x2  
  146  11:02  Marine x4  
  146  11:03  Widow Mine x2  
  152  11:06  Marauder x2  
  156  11:14  Marine  
  156  11:16  Medivac  
  156  11:17  Medivac  
  160  11:27  Marauder x2  
  160  11:32  Widow Mine, Liberator x2  
  126  11:49  Marauder x2  
  126  11:50  Marine x4  
  126  11:54  Planetary Fortress  
  140  11:58  Missile Turret  
  115  12:10  Marauder x2  
  115  12:14  Liberator  
  102  12:16  Marine  
  97  12:23  Marine x3  
  97  12:24  Marine  
  98  12:31  Marauder x2  
  98  12:35  Marine  
  98  12:36  Widow Mine  
  108  12:37  Marine  
  108  12:38  Marine  
  108  12:41  SCV x2  
  108  12:42  Factory  
  112  12:44  Marine  
  112  12:45  Marine  
  113  12:53  Marauder x2, Liberator  
  113  12:57  Liberator  
  111  13:01  Orbital Command  
  100  13:07  Marine x2  
  100  13:08  Marine  
  100  13:09  Marine  
  100  13:14  Marauder x2, Marine  
  100  13:15  Marine  
  100  13:16  Widow Mine  
  111  13:32  Marine  
  111  13:33  SCV  
  113  13:36  Marauder x2, Liberator, Marine x3  
  113  13:40  Liberator, Marine  
  121  13:41  Refinery  
  121  13:51  Marine  
  121  13:52  Marine x3  
  128  13:57  Marauder x2  
  128  13:58  SCV x3  
  128  13:59  Marine  
  128  14:00  Marine x2  
  141  14:05  Marine  
  141  14:06  Barracks x2  
  141  14:08  Terran Infantry Weapons Level 1  
  142  14:12  Engineering Bay  
  142  14:16  SCV x2  
  144  14:18  Factory Tech Lab, Marauder x2  
  145  14:36  Medivac  
  145  14:38  Marine  
  145  14:39  Marine  
  145  14:40  Medivac, Marauder x2  
  143  14:57  Liberator  
  143  14:58  Liberator  
  143  14:59  Marine x2  
  145  15:01  Marauder x2  
  145  15:02  Marine  
  145  15:13  Marine  
  144  15:23  Marauder x2  
  144  15:25  Starport  
  148  15:29  Terran Infantry Armor Level 1  
  148  15:32  Armory  
  148  15:44  Marauder x2  
  148  15:46  Marine  
  146  16:05  Marauder x2  
  146  16:10  Liberator  
  136  16:23  Marine x2  
  136  16:24  Marine x2  
  122  16:27  Marauder x2  
  122  16:28  Marine x4  
  131  16:41  Marine  
  131  16:46  Medivac x2  
  129  16:48  Marauder x2  
  129  16:49  Siege Tank  
  129  16:50  Widow Mine x2  
  138  16:58  Marine  
  139  17:04  Marine  
  140  17:09  Marauder x2  
  144  17:18  Marine  
  144  17:19  Marine  
  144  17:22  Starport Reactor  
  156  17:37  Command Center  
Tags
 
Add a new tag
Caveats
  • Supply blocks, unpowered buildings, or Contaminate may cause inaccurate times.
  • Supply counts are checked every 10 seconds.